 Dungeon Crawl Stone Soup version 0.20-a0-960-ge493e74 (webtiles) character file.

93 MrRokkomies the Skirmisher (level 4, 0/42 HPs)
             Began as a Ghoul Monk on Apr 7, 2017.
             Slain by an orc wizard
             ... wielding a +0 dagger
              (1 damage)
             ... on level 3 of the Dungeon.
             The game lasted 00:02:50 (1670 turns).

MrRokkomies the Skirmisher (Ghoul Monk)             Turns: 1670, Time: 00:02:51

Health: 0/42       AC:  5    Str: 15    XL:     4   Next: 61%
Magic:  3/3        EV: 12    Int:  5    God:
Gold:   121        SH:  0    Dex: 11    Spells: 3/3 levels left

rFire    . . .     SeeInvis +     - Unarmed
rCold    + . .     Gourm    .   (no shield)
rNeg     + + +     Faith    .   i - +0 ring mail
rPois    ∞         Spirit   .   (no helmet)
rElec    .         Reflect  .   (no cloak)
rCorr    .         Harm     .   (no gloves)
MR       .....                  (no boots)
Stlth    ++........             (no amulet)
Regen    0.0/turn               l - ring of see invisible
MPRegen  0.1/turn               (no ring)

@: rotting
A: rotting body, claws 1, carnivore 3, cold resistance 1, negative energy
resistance 3, inhibited regeneration, torment resistance, unbreathing
a: no special abilities


You were on level 3 of the Dungeon.
You were not hungry.

You visited 1 branch of the dungeon, and saw 3 of its levels.

You collected 121 gold pieces.

Inventory:

Missiles
 e - 14 tomahawks (quivered)
Armour
 i - a +0 ring mail (worn)
Jewellery
 l - a ring of see invisible (left claw)
Wands
 k - a wand of iceblast (7/15)
Scrolls
 d - a scroll of fog {unknown}
 h - a scroll of immolation {unknown}
Potions
 a - a potion of resistance {unknown}
 c - 2 potions of curing
 f - a potion of might {unknown}
 g - 2 potions of magic {unknown}
 j - a potion of lignification {unknown}
 m - a potion of agility {unknown}
Comestibles
 b - a meat ration


   Skills:
 * Level 5.4 Fighting
 - Level 3.6 Dodging
 - Level 4.3 Stealth
 * Level 3.1 Unarmed Combat


You had 3 spell levels left.
You didn't know any spells.

Dungeon Overview and Level Annotations

Branches:
Dungeon (3/15)

Altars:
Uskayaw


Innate Abilities, Weirdness & Mutations

Your body is rotting away.
You thrive on raw meat.
You are immune to poison.
You have sharp fingernails.
You are carnivorous and can eat meat at any time.
Your flesh is cold resistant. (rC+)
You are immune to negative energy. (rN+++)
You do not regenerate when monsters are visible.
You are immune to unholy pain and torment.
You can survive without breathing.


Message History

You scratch the orc priest but do no damage.
You claw the orc priest.
The orc priest is almost dead.
The orc wizard hits you but does no damage.
The orc priest hits you but does no damage.
You scratch the orc priest.
The orc priest is almost dead.
The orc wizard hits you but does no damage.
The orc hits you but does no damage. The orc priest hits you with a mace.
* * * LOW HITPOINT WARNING * * *
You scratch the orc priest but do no damage.
The orc priest is almost dead.
The orc hits you but does no damage. The orc wizard barely misses you.
The orc hits you with a whip.
* * * LOW HITPOINT WARNING * * *
You claw the orc priest!
You kill the orc priest!
Your Unarmed Combat skill increases to level 3!
The orc barely misses you. The orc wizard hits you with a dagger.
You die...

..#. .. .### ...## # ..#..
.... .## ..... ...##...
...... ..#... #.....##.#.#
..#...)#o..# ##.go@...##
..#...#o....# ### )# #...#
#.#.#.## ... .. ...
#.#.†$.##.# ## #.# #
#.###.....# .## ..#
#.###..[### ..##.# #
#.##...#######
.....###.####.##.##.#......>.
............#.#.. #........##


You could see an orc wizard, 2 orcs and a hobgoblin.

Vanquished Creatures
  An orc priest (D:3)
  An adder (D:2)
  A dart slug (D:2)
  4 worms
  2 leopard geckos (D:2)
  A giant cockroach (D:1)
  3 goblins (D:2)
  2 hobgoblins
  4 jackals (D:2)
  A quokka (D:3)
  2 ball pythons
  5 bats
  2 frilled lizards
  7 kobolds
  4 rats
40 creatures vanquished.

Notes
Turn   | Place    | Note
-------+----------+-------------------------------------------
     0 | D:1      | MrRokkomies the Ghoul Monk began the quest for the Orb.
     0 | D:1      | Reached XP level 1. HP: 22/22 MP: 0/0
   402 | D:1      | Reached skill level 1 in Unarmed Combat
   644 | D:1      | Reached XP level 2. HP: 25/25 MP: 1/1
   853 | D:2      | Reached XP level 3. HP: 30/32 MP: 2/2
   878 | D:2      | Found a hide-covered altar of Uskayaw.
  1256 | D:2      | Reached skill level 5 in Fighting
  1590 | D:3      | Reached XP level 4. HP: 21/42 MP: 3/3
  1668 | D:3      | HP: 2/42 [orc priest/mace (2)]
  1670 | D:3      | Slain by an orc wizard

Vault maps used:
D:1:      lemuel_arrival_behind_the_door_small, minmay_misc_feat_ornament
D:2:      first_bread, hex_intersection, lemuel_statue_altar
D:3:      minmay_strange_pillars, minmay_statues_item

Skill      XL: |  1  2  3  4 |
---------------+-------------+-----
Unarmed Combat | 1 2 3 |  3.1
Fighting       | 5 |  5.4
Dodging        | |  3.6
Stealth        | |  4.3

Action                   |  1- 3 |  4- 6 || total
-------------------------+-------+-------++-------
Melee: Unarmed           |   153 |    18 ||   171
       Punch             |     1 |     1 ||     2
  Use: Scroll            |     2 |       ||     2
 Stab: Sleeping          |     5 |       ||     5
  Eat: Chunk             |    12 |     4 ||    16
Armor: Robe              |     1 |       ||     1
       Ring mail         |    33 |     9 ||    42
Dodge: Dodged            |    97 |     8 ||   105
